 Dungeon Crawl Stone Soup version 0.29.1-12-g30fa7ad0bf (webtiles) character file.

Game seed: 15839675221185633403

109 ChrisAssaf the Sneak (level 5, -4/36 HPs)
             Began as a Human Enchanter on Dec 23, 2022.
             Was a Priest of Jiyva (penitent).
             Killed by an exploding butterfly (27 damage)
             ... ignited by their inner flame
             ... on level 5 of the Dungeon.
             The game lasted 00:16:14 (4474 turns).

ChrisAssaf the Sneak (Human Enchanter)              Turns: 4474, Time: 00:16:19

Health: -4/36      AC:  2    Str: 15    XL:     5   Next: 13%
Magic:  0/8        EV: 12    Int: 17    God:    Jiyva [***...]
Gold:   165        SH:  0    Dex: 13    Spells: 3/8 levels left

rFire   . . .      SeeInvis .   u - +4 dagger of the Pillar {spect, rPois}
rCold   . . .      Faith    .   (no shield)
rNeg    . . .      Spirit   +   b - +0 robe
rPois   +          Reflect  .   (no helmet)
rElec   .          Harm     .   (no cloak)
rCorr   .          Rampage  .   (no gloves)
rMut    +                       (no boots)
Will    .....                   l - amulet of guardian spirit
Stlth   ++........              g - +6 ring of strength
HPRegen 0.12/turn               (no ring)
MPRegen 0.11/turn

@: no status effects
A: mutation resistance 3, acidic bite
a: Renounce Religion


You were on level 5 of the Dungeon.
You worshipped Jiyva.
Jiyva was demanding penance.
You visited 1 branch of the dungeon, and saw 5 of its levels.

You collected 165 gold pieces.

Inventory:

Hand Weapons
 u - the +4 dagger of the Pillar (weapon) {spect, rPois}
   (You found it on level 3 of the Dungeon)

   When its wielder attacks, the weapon's spirit leaps out and strikes again.
   The spirit shares a part of any damage it takes with its wielder.
   rPois:     It protects you from poison.
Missiles
 h - 2 boomerangs (quivered)
Armour
 b - a +0 robe (worn)
Jewellery
 c - a ring of ice
 g - a +6 ring of strength (left hand)
 l - an amulet of guardian spirit (around neck)
Scrolls
 d - a scroll of enchant weapon {unknown}
 m - a scroll of poison {unknown}
 n - 2 scrolls of teleportation {unknown}
 r - a scroll of torment {unknown}
 s - a scroll of amnesia {unknown}
Potions
 a - a potion of heal wounds {unknown}
 f - a potion of haste
 j - a potion of flight {unknown}
 o - a potion of resistance {unknown}
 p - 2 potions of curing {unknown}
 q - a potion of lignification {unknown}
 t - a potion of degeneration {unknown}


   Skills:
 * Level 0.8 Fighting
 * Level 1.6 Short Blades
 * Level 0.2 Throwing
 * Level 1.1 Armour
 * Level 2.3 Dodging
 * Level 3.8 Stealth
 * Level 2.3 Spellcasting
 * Level 3.4 Hexes
 * Level 1.0 Ice Magic


You had 3 spell levels left.
You knew the following spells:

 Your Spells              Type           Power      Damage    Failure   Level
a - Ensorcelled Hibernat  Hex/Ice        18%        N/A       11%         2
b - Tukima's Dance        Hex            13%        N/A       14%         3

Your spell library contained the following spells:

 Spells                   Type           Power      Damage    Failure   Level
 Confusing Touch          Hex            13%        N/A       14%         3
 Dazzling Flash           Conj/Hex       14%        N/A       28%         3


Dungeon Overview and Level Annotations

Branches:
Dungeon (5/15)
 Temple: D:4-7

Altars:
Jiyva


Innate Abilities, Weirdness & Mutations

You are almost entirely resistant to further mutation and mutation removal.
You have acidic saliva.


Message History

The acid corrodes the gnoll!
The gnoll is burned by acid!
The jelly barely misses the gnoll.
Really read the scroll of immolation?
As you read the scroll of immolation, it crumbles to dust.
The creatures around you are filled with an inner flame!
The gnoll hits the jelly with a +0 spear.
Flame seeps out of the jelly.
You feel very guilty.
You can no longer turn your foes to slime.
Furious gurgling surrounds you!
The gnoll is burned by acid!
Flame seeps out of the gnoll.
Sigmund gestures at you while chanting.
Your butterfly resists with significant effort.
The jelly is engulfed in blazing flames.
That felt strangely unrewarding.
The jelly explodes!
The fiery explosion engulfs your butterfly!!!
Your butterfly disappears in a burst of colours!
The fiery explosion engulfs the gnoll!! x2
The fiery explosion engulfs Sigmund!!
Flame seeps out of Sigmund.
Sigmund is severely wounded.
The gnoll explodes! x2
The fiery explosion engulfs Sigmund!!!
Sigmund explodes!
The fiery explosion engulfs the gnoll!!
The gnoll explodes!
The fiery explosion engulfs your butterfly!!
Your butterfly disappears in a burst of colours!
The fiery explosion engulfs your butterfly!!
Your butterfly disappears in a burst of colours!
Your butterfly explodes!
The fiery explosion engulfs your butterfly!!
Your butterfly disappears in a burst of colours!
Your butterfly explodes!
The fiery explosion engulfs you!
The fiery explosion engulfs your butterfly!
Your butterfly disappears in a burst of colours!
Your butterfly explodes!
The fiery explosion engulfs you!!
Ouch! That really hurt!
You die...

...#...... ... .§§......
.... §○§...... .....
.....#####○§§.....
.....##........§§§§.....
.........#.....§§§§b.b..
.........#..bb.§§§§.....
#.............b§§§...#.
.............b@§###.#
#..###........#.. ..
###................ .
#....<..J.b....#....
#.......####..###....
##......## #..# ....
#.......# ##... ...
#......## #.... #.
#....#..J# .....


You could see a neutral jelly (wandering, inner flame) (fellow slime).

Vanquished Creatures
  Sigmund (D:5)
  A jelly (D:5)
  An orc wizard (D:3)
  5 gnolls (D:5)
  A white imp (D:5)
  A worm (D:2)
  3 dart slugs
  2 orcs
  3 endoplasms
  3 giant cockroaches
  5 hobgoblins
  3 jackals
  A quokka (D:2)
  3 ball pythons (D:1)
  A bat (D:2)
  4 frilled lizards
  3 goblins
  4 kobolds
  20 rats
65 creatures vanquished.

Vanquished Creatures (collateral kills)
  A gnoll (D:5)
  An orc (D:3)
2 creatures vanquished.

Vanquished Creatures (others)
  Blork the orc (D:4)
  5 jellies
  An orc priest (D:3)
  2 adders
  An orc (D:3)
  A hobgoblin (D:3)
  A jackal (D:5)
  2 kobolds
  2 quokkas (D:3)
  A bat (D:3)
17 creatures vanquished.

Grand Total: 84 creatures vanquished

Notes
Turn   | Place    | Note
-------+----------+-------------------------------------------
     0 | D:1      | ChrisAssaf the Human Enchanter began the quest for the Orb.
     0 | D:1      | Reached XP level 1. HP: 13/13 MP: 3/3
   557 | D:1      | Reached XP level 2. HP: 12/19 MP: 5/5
   565 | D:1      | Learned a level 2 spell: Ensorcelled Hibernation
  1412 | D:2      | Reached XP level 3. HP: 25/25 MP: 1/6
  1416 | D:2      | Learned a level 3 spell: Tukima's Dance
  2497 | D:3      | Reached XP level 4. HP: 25/31 MP: 3/7
  2576 | D:3      | Found a faded altar of an unknown god.
  2600 | D:3      | Prayed at the altar of an unknown god.
  2600 | D:3      | Became a worshipper of Jiyva Jyssoeja the Shapeless
  2600 | D:3      | Reached * piety under Jiyva
  3012 | D:3      | Identified the +4 dagger of the Pillar {spect, rPois}
  3161 | D:3      | Reached ** piety under Jiyva
  3643 | D:4      | Reached skill level 1 in Armour
  3893 | D:4      | Reached *** piety under Jiyva
  3987 | D:4      | Gained mutation: You are somewhat resistant to further
                  | mutation. [Jiyva's grace]
  3987 | D:4      | Gained mutation: You are somewhat resistant to both further
                  | mutation and mutation removal. [Jiyva's grace]
  3987 | D:4      | Gained mutation: You are almost entirely resistant to
                  | further mutation and mutation removal. [Jiyva's grace]
  3987 | D:4      | Gained mutation: You have acidic saliva. [Jiyva's grace]
  4085 | D:4      | Killed Blork the orc
  4391 | D:5      | Entered Level 5 of the Dungeon
  4435 | D:5      | Reached skill level 1 in Ice Magic
  4435 | D:5      | Reached XP level 5. HP: 36/36 MP: 5/8
  4436 | D:5      | Reached **** piety under Jiyva
  4467 | D:5      | Noticed Sigmund
  4474 | D:5      | Was placed under penance by Jiyva
  4474 | D:5      | Killed Sigmund
  4474 | D:5      | Killed by an exploding butterfly... ignited by their inner
                  | flame

Illustrated notes

Levels and vault maps discovered:
D:1:      sevenhm_arrival_forest_fort_small_4, layout_basic
D:2:      layout_loops_cross, minmay_rat_hole
D:3:      layout_basic, ebering_ecumenical_altar_webs
D:4:      layout_basic, uniq_blork_the_orc
D:5:      layout_cave_pools, uniq_edmund, uniq_pikel, uniq_sigmund

Skill      XL: |  1  2  3  4 |
---------------+-------------+-----
Armour         | 1 |  1.1
Ice Magic      | 1 |  1.0
Fighting       | |  0.8
Short Blades   | |  1.6
Throwing       | |  0.2
Dodging        | |  2.3
Stealth        | |  3.8
Spellcasting   | |  2.3
Hexes          | |  3.4

Action                   |  1- 3 |  4- 6 || total
-------------------------+-------+-------++-------
Melee: Dagger            |    33 |    19 ||    52
       Short sword       |    68 |     6 ||    74
       Bite              |       |     1 ||     1
Throw: Boomerang         |       |     6 ||     6
 Cast: Ensorcelled Hiber |    21 |    13 ||    34
       Tukima's Dance    |     2 |     7 ||     9
  Use: Potion            |     3 |       ||     3
       Scroll            |     2 |     2 ||     4
 Stab: Sleeping          |    15 |     8 ||    23
Armor: Robe              |    14 |     8 ||    22
Dodge: Dodged            |    47 |    16 ||    63
